 Dungeon Crawl Stone Soup version 0.23.2-33-g5129a83184 (webtiles) character file.

Game seed: 17169866252464059938

41 Errno the Slasher (level 3, -3/33 HPs)
             Began as a Naga Warper on July 28, 2019.
             Slain by a bullfrog (6 damage)
             ... on level 3 of the Dungeon.
             The game lasted 00:11:36 (1663 turns).

Errno the Slasher (Naga Warper)                     Turns: 1663, Time: 00:11:37

Health: -3/33      AC:  2    Str: 13    XL:     3   Next: 52%
Magic:  6/6        EV:  9    Int: 14    God:
Gold:   124        SH:  0    Dex: 10    Spells: 6/6 levels left

rFire    . . .     SeeInvis +   a - +0 falchion
rCold    . . .     Gourm    .   (no shield)
rNeg     . . .     Faith    .   b - +0 leather armour
rPois    +         Spirit   .   (no helmet)
rElec    .         Reflect  .   (no cloak)
rCorr    .         Harm     .   (no gloves)
MR       .....                  (no barding)
Stlth    +.........             (no amulet)
HPRegen  0.11/turn              (no ring)
MPRegen  0.10/turn              (no ring)

@: short of breath, very slow
A: large, see invisible, deformed body, poison resistance, slowness 2, slow
metabolism 1, spit poison 1, AC +1
a: Spit Poison


You were on level 3 of the Dungeon.
You were not hungry.

You visited 1 branch of the dungeon, and saw 3 of its levels.

You collected 124 gold pieces.

Inventory:

Hand Weapons
 a - a +0 falchion (weapon)
Missiles
 e - 5 tomahawks of dispersal (quivered)
Armour
 b - a +0 leather armour (worn)
Scrolls
 d - a scroll of blinking
 k - 2 scrolls of identify
Potions
 c - a potion of flight {unknown}
 g - a potion of haste {unknown}
 i - a potion of curing {unknown}
 j - a potion of brilliance
Comestibles
 f - 5 rations


   Skills:
 + Level 2.6 Fighting
 * Level 3.2 Long Blades
 - Level 0.8 Throwing
 - Level 0.7 Armour
 + Level 1.6 Dodging
 - Level 0.6 Stealth
 - Level 2.0 Spellcasting
   Level 3.0 Translocations


You had 6 spell levels left.
You didn't know any spells.
Your spell library contained the following spells:

 Spells                   Type           Power        Failure   Level  Hunger
 Blink                    Tloc           N/A          13%         2    ###....
 Shroud of Golubria       Chrm/Tloc      #.........   24%         2    ###....
 Gell's Gravitas          Tloc           #.........   26%         3    ####...
 Lesser Beckoning         Tloc           #.........   26%         3    ####...
 Teleport Other           Tloc           #.......     26%         3    ####...
 Passage of Golubria      Tloc           N/A          65%         4    #####..


Dungeon Overview and Level Annotations

Branches:
Dungeon (3/15)

Altars:
Makhleb


Innate Abilities, Weirdness & Mutations

You cannot wear boots.
Your serpentine skin is tough. (AC +1)
You have supernaturally acute eyesight. (SInv)
Armour fits poorly on your strangely shaped body.
Your system is resistant to poisons. (rPois)
You cover ground very slowly.
You have a slow metabolism.
You can spit poison.


Message History

The bullfrog barely misses you.
You feel much better. The bullfrog hits you. The worm bites you.
Press: ? - help, Shift-Dir - straight line, f/p - worm
Aim: a worm (almost dead)
The splash of poison hits the worm.
The worm is poisoned.
The worm is almost dead.
You feel slightly more hungry. The bullfrog closely misses you.
You riposte.
You hit the bullfrog.
The bullfrog is moderately wounded.
The bullfrog barely misses you.
You barely miss the worm.
The worm is almost dead.
You kill the worm!
The bullfrog hits you.
You hit the hobgoblin.
You kill the hobgoblin!
The bullfrog hits you!
* * * LOW HITPOINT WARNING * * *
The bullfrog hits you.
You die...

,,,,,,*,,** *..*#*#...,**..#
*, ,****,**,,**
*#.#.,...*###..###. **
*,***,,****#)..##.#*#........
*,,,,*,,,,##..##..# #........
****,,***,........# #........
**,,.,,,,.)...##.###........
**,,,...,**##................
*,,,,.....##.F.##.###........
***,,,,......†@#..#.#
#........ *
*,,,,,,......####...#
#..)..(.. ***,*,,,,.....,*
##..# #.......<
,,,,*,,,,....,,* #<.#
#.....### *****,,,,$.%,,**
##.# ####### *,,,,..,,,* ###
*,,,,.,,,,* *,,,,,,,,,*
*,,>,,,,,,*


You could see a bullfrog.

Vanquished Creatures
  An adder (D:2)
  2 worms (D:3)
  A dart slug (D:1)
  A leopard gecko (D:1)
  2 giant cockroaches
  3 goblins
  5 hobgoblins
  A kobold (D:1)
  A bat (D:1)
  5 rats
22 creatures vanquished.

Notes
Turn   | Place    | Note
-------+----------+-------------------------------------------
     0 | D:1      | Errno the Naga Warper began the quest for the Orb.
     0 | D:1      | Reached XP level 1. HP: 19/19 MP: 3/3
   392 | D:1      | Reached XP level 2. HP: 26/26 MP: 5/5
  1010 | D:2      | Reached XP level 3. HP: 20/33 MP: 6/6
  1261 | D:2      | Found a faded altar of an unknown god.
  1266 | D:2      | Became a worshipper of Makhleb the Destroyer
  1266 | D:2      | Reached * piety under Makhleb
  1267 | D:2      | Fell from the grace of Makhleb
  1648 | D:3      | Noticed a bullfrog
  1663 | D:3      | Slain by a bullfrog

Skill      XL: |  1  2 |
---------------+-------+-----
Long Blades    | 3 |  3.2
Fighting       | |  2.6
Throwing       | |  0.8
Armour         | |  0.7
Dodging        | |  1.6
Stealth        | |  0.6
Spellcasting   | |  2.0
Translocations | |  3.0

Action                   || total
-------------------------++-------
Melee: Falchion          ||    62
Invok: Renounce Religion ||     1
 Abil: Spit Poison       ||    14
  Use: Scroll            ||     6
       Potion            ||     1
  Eat: Chunk             ||     2
Armor: Leather armour    ||     9
Dodge: Dodged            ||    29
       Rpst.: Falchion   ||     8
